[Event "Titled Tuesday Blitz March 28 Early 2023"]
[White "Onslow, Alfie"]
[Black "Kozin, Yuri"]
[WhiteFideId "436976"]
[BlackFideId "4129920"]
[WhiteElo "2114"]
[BlackElo "2513"]
[Result "0-1"]
[Round "05"]
[TimeControl "180+2"]
[Date "2023.03.28"]
[WhiteClock "0:00:08"]
[BlackClock "0:00:09"]

1. e4 c5 2. Nc3 e6 3. Nf3 d6 4. g3 Nf6 5. Bg2 e5 6. d3 h6 7. O-O Be7 8. Nd2 Nc6 9. Nc4 O-O 10. f4 Rb8 11. Ne3 b5 12. a4 b4 13. Ncd5 Nxd5 14. Nxd5 Nd4 15. f5 Bg5 16. h4 Bxc1 17. Rxc1 Bb7 18. c3 bxc3 19. bxc3 Bxd5 20. cxd4 Bb3 21. Qg4 cxd4 22. f6 g6 23. h5 g5 24. Rf5 Kh7 25. Qe2 Bxa4 26. Ra1 Bd7 27. Rff1 a5 28. Bf3 a4 29. Bg4 Ra8 30. Bf5+ Bxf5 31. Rxf5 a3 32. Qd2 Rg8 33. Rf2 Qc7 34. Qb4 Qc5 35. Qxc5 dxc5 36. Rfa2 Rge8 37. Rxa3 Rxa3 38. Rxa3 Re6 39. Ra5 Rxf6 40. Rxc5 Re6 41. Rc7 Kg7 42. Kf2 Kf6 43. Kf3 Ra6 44. Rb7 Ra3 45. Rb6+ Kg7 46. Ke2 g4 47. Rb2 Kf6 48. Kd2 Kg5 49. Rb5 f6 50. Rb6 Ra2+ 51. Ke1 Rh2 52. Rb7 Kxh5 53. Rg7 Ra2 54. Kf1 Rd2 55. Kg1 Rxd3 56. Kh2 Rd2+ 57. Kh1 Rd1+ 58. Kg2 Re1 59. Kf2 Rxe4 60. Kg2 Re3 61. Kf2 Rf3+ 62. Kg2 d3 63. Rd7 e4 64. Rd6 Kg6 65. Rd5 h5 66. Rd4 Re3 67. Kh1 Re2 68. Rd5 d2 69. Kg1 Re1+ 70. Kh2 d1=Q 71. Rxd1 Rxd1 72. Kg2 Rd3 73. Kh2 Rf3 74. Kg2 e3 75. Kh2 e2 76. Kg2 e1=Q 77. Kh2 Qe2+ 78. Kh1 Rf1# 0-1


[Site "https://www.chess.com"]

[Event "Titled Tuesday Blitz March 28 Early 2023"]
[White "Turzo, Attila"]
[Black "Ardila, Oscar Humberto"]
[WhiteFideId "704954"]
[BlackFideId "4404742"]
[WhiteElo "2510"]
[BlackElo "1911"]
[Result "1-0"]
[Round "05"]
[TimeControl "180+2"]
[Date "2023.03.28"]
[WhiteClock "0:00:14"]
[BlackClock "0:00:02"]

1. e4 e5 2. Nf3 Nf6 3. Nxe5 d6 4. Nf3 Nxe4 5. Nc3 Nxc3 6. dxc3 Be7 7. Be3 O-O 8. Qd2 Nd7 9. O-O-O Nf6 10. Bd3 c5 11. c4 b5 12. cxb5 a6 13. bxa6 Bxa6 14. a3 Qb6 15. Bxa6 Rfb8 16. c3 Rxa6 17. Qc2 d5 18. Ne5 Qc7 19. f4 c4 20. Kd2 Ne4+ 21. Ke2 Nf6 22. Rhe1 Bc5 23. Bc1 Ba7 24. g3 Qc5 25. Kf3 Qb5 26. Kg2 Re6 27. Re2 Rd8 28. Nf3 Rxe2+ 29. Qxe2 Re8 30. Ne5 Ne4 31. Qg4 f6 32. Qd7 Qxd7 33. Nxd7 Nc5 34. Nxc5 Bxc5 35. Kf3 Rd8 36. Be3 Bf8 37. Rd2 Kf7 38. Bb6 Rd7 39. Ba5 Ke6 40. Bb4 Bxb4 41. axb4 Ra7 42. Ke3 Ra1 43. Kd4 Rb1 44. Kc5 g5 45. fxg5 fxg5 46. b5 Ra1 47. Kc6 h5 48. Re2+ Kf7 49. b6 Ra8 50. b7 Rb8 51. Kc7 Rf8 52. b8=Q 1-0


[Site "https://www.chess.com"]

[Event "Titled Tuesday Blitz March 28 Early 2023"]
[White "sebastianmarinp"]
[Black "Ronka, Erik"]
[BlackFideId "505080"]
[WhiteElo "2297"]
[BlackElo "2264"]
[Result "1-0"]
[Round "05"]
[TimeControl "180+2"]
[Date "2023.03.28"]
[WhiteClock "0:00:04"]
[BlackClock "0:00:02"]

1. e4 c6 2. d4 d5 3. e5 Bf5 4. Nf3 e6 5. Be2 c5 6. Be3 Qb6 7. Nc3 Nc6 8. O-O Qxb2 9. Qe1 cxd4 10. Nxd4 Bb4 11. Ndb5 Bxc3 12. Nxc3 d4 13. Nb5 dxe3 14. Nc7+ Kf8 15. Nxa8 Bxc2 16. Qc1 exf2+ 17. Rxf2 Qxc1+ 18. Rxc1 Bg6 19. Nc7 Ke7 20. Nb5 Nh6 21. Nd6 Nxe5 22. Nxb7 Rb8 23. Rc7+ Kf8 24. h3 Nf5 25. g4 Nd4 26. Nd6 a5 27. Rc8+ Rxc8 28. Nxc8 Ke8 29. Nb6 Kd8 30. Na4 Be4 31. Bf1 Bd5 32. Bg2 Bxg2 33. Kxg2 Kc7 34. Kg3 Kc6 35. Nc3 Kc5 36. Ne4+ Kb4 37. Ng5 f6 38. Nxh7 Ka3 39. Nf8 Nd3 40. Rd2 Nb5 41. Rxd3+ Kxa2 42. Rd7 a4 43. Rxg7 a3 44. Rb7 Nc3 45. Nxe6 Ka1 46. Nd4 a2 47. Nc2# 1-0


[Site "https://www.chess.com"]

[Event "Titled Tuesday Blitz March 28 Early 2023"]
[White "Wilson, Elvin"]
[Black "Roebers, Eline"]
[WhiteFideId "2014874"]
[BlackFideId "1058401"]
[WhiteElo "2285"]
[BlackElo "2502"]
[Result "1-0"]
[Round "05"]
[TimeControl "180+2"]
[Date "2023.03.28"]
[WhiteClock "0:00:16"]
[BlackClock "0:00:02"]

1. c4 f5 2. g3 Nf6 3. Bg2 g6 4. Nc3 Bg7 5. d3 O-O 6. e4 d6 7. Nge2 Nc6 8. O-O e5 9. exf5 gxf5 10. f4 Be6 11. Kh1 Qd7 12. Be3 Rae8 13. Qd2 a6 14. Rae1 e4 15. b3 exd3 16. Qxd3 Nb4 17. Qd2 c5 18. Rd1 Rd8 19. Rfe1 b5 20. a3 Nc6 21. Nd5 Bxd5 22. cxd5 Ne7 23. b4 Ne4 24. Qd3 Rfe8 25. Rc1 Kh8 26. Kg1 Ng8 27. Red1 Ngf6 28. h3 Nh5 29. Kh2 Qf7 30. Bf3 Qg6 31. Rg1 Nhf6 32. Nc3 Qh6 33. Ne2 c4 34. Qc2 Nxd5 35. Bd4 Ndf6 36. Kg2 Qg6 37. Qb2 Nh5 38. Kh2 Nhf6 39. Rce1 Re6 40. Rg2 Rde8 41. Reg1 Nd5 42. Bxg7+ Qxg7 43. Qxg7+ Kxg7 44. Nd4 Rf6 45. Re2 Ndc3 46. Re3 Nd5 47. Re2 Rf7 48. Rge1 Ndc3 49. Re3 Nd5 50. Nxf5+ Rxf5 51. Rxe4 Rxe4 52. Bxe4 Rh5 53. g4 1-0


[Site "https://www.chess.com"]

[Event "Titled Tuesday Blitz March 28 Early 2023"]
[White "Jumanov, Elbek"]
[Black "Bogaudinov, Rushan"]
[WhiteFideId "14202905"]
[BlackFideId "4129288"]
[WhiteElo "2055"]
[BlackElo "1949"]
[Result "1-0"]
[Round "05"]
[TimeControl "180+2"]
[Date "2023.03.28"]
[WhiteClock "0:00:09"]
[BlackClock "0:00:01"]

1. c4 Nf6 2. Nf3 d5 3. cxd5 Nxd5 4. Nc3 Nxc3 5. bxc3 e6 6. g3 b6 7. Bg2 Bb7 8. O-O Be7 9. d3 O-O 10. a4 c5 11. a5 Nc6 12. axb6 axb6 13. Bf4 Bf6 14. Qb3 Rxa1 15. Rxa1 e5 16. Nxe5 Bxe5 17. Bxe5 Re8 18. Bf4 Rxe2 19. Bd5 Qe7 20. Qxb6 g5 21. Bc7 Qf6 22. Rf1 Ba8 23. Qxc5 Rc2 24. d4 h5 25. Qa3 Bb7 26. Qb3 Nxd4 27. Qxb7 Rxc3 28. Qb8+ Kh7 29. Be4+ Nf5 30. Be5 Rb3 31. Bxf6 Rxb8 32. Bxf5+ Kh6 33. h4 gxh4 34. gxh4 Rb5 35. Bg5+ Kg7 36. Be4 f6 37. Be3 Rb4 38. Bf3 Rxh4 39. Kg2 Rc4 40. Rh1 Kg6 41. Rxh5 Rc3 42. Rh6+ Kf5 43. Kg3 Rc4 44. Rh5+ Kg6 45. Rh6+ Kf5 46. Rh4 Rc8 47. Rf4+ Kg6 48. Rg4+ Kf5 49. Be4+ Ke6 50. f4 Rc5 51. Kf3 f5 52. Rg6+ Kf7 53. Bxf5 Rxf5 54. Rg5 Rf6 55. Bd4 Rc6 56. Ke4 Rc4 57. Rg7+ Ke6 58. f5+ Kd6 59. Rg8 Ke7 60. Rg7+ Kf8 61. Ra7 Rc6 62. Ke5 Rh6 63. Be3 Rc6 64. Bd4 Ke8 65. f6 Rc8 66. Kd5 Kf8 67. Bc5+ Kg8 68. f7+ Kh7 69. f8=Q+ 1-0


[Site "https://www.chess.com"]

[Event "Titled Tuesday Blitz March 28 Early 2023"]
[White "Fajdetic, Hrvoje"]
[Black "koncheto"]
[WhiteFideId "14501945"]
[WhiteElo "2185"]
[BlackElo "2493"]
[Result "1-0"]
[Round "05"]
[TimeControl "180+2"]
[Date "2023.03.28"]
[WhiteClock "0:00:45"]
[BlackClock "0:00:01"]

1. f4 e5 2. fxe5 d6 3. exd6 Bxd6 4. Nf3 g5 5. g3 g4 6. Nh4 Be7 7. Ng2 h5 8. d4 h4 9. Bf4 Nf6 10. Nxh4 Rxh4 11. gxh4 Nd5 12. Bg3 Bxh4 13. Qd3 f5 14. Bg2 Bxg3+ 15. hxg3 Qd6 16. Rh8+ Kf7 17. Rxc8 Ne7 18. Rh8 Nbc6 19. Rxa8 Nxd4 20. Nc3 c5 21. O-O-O Qh6+ 22. e3 b5 23. Kb1 Nf3 24. Rxa7 b4 25. Bxf3 gxf3 26. Qxf5+ Ke8 27. Rd8+ Kxd8 28. Qd7# 1-0


[Site "https://www.chess.com"]

[Event "Titled Tuesday Blitz March 28 Early 2023"]
[White "Schut, Han"]
[Black "Garv Gaur"]
[WhiteFideId "1005561"]
[BlackFideId "45030839"]
[WhiteElo "2024"]
[BlackElo "2068"]
[Result "0-1"]
[Round "05"]
[TimeControl "180+2"]
[Date "2023.03.28"]
[WhiteClock "0:00:09"]
[BlackClock "0:00:49"]

1. e4 g6 2. d4 Bg7 3. Nc3 d5 4. e5 c6 5. f4 f6 6. Nf3 Nh6 7. h4 Bg4 8. h5 Bxh5 9. Rxh5 gxh5 10. Be3 Ng4 11. Bg1 fxe5 12. Nxe5 O-O 13. g3 Nd7 14. Nxg4 hxg4 15. Qxg4 Nf6 16. Qh4 e6 17. Qh3 Qe8 18. O-O-O Qh5 19. Qxe6+ Kh8 20. Bd3 Rae8 21. Qd6 Ne4 22. Nxe4 dxe4 23. Bc4 e3 24. Re1 Qf3 25. Bd3 Qxg3 26. Kd1 e2+ 27. Kd2 Rxf4 28. Qd7 Rff8 29. c3 Qxe1+ 30. Kxe1 Rf1+ 31. Kd2 e1=Q+ 32. Kc2 Qd1# 0-1


[Site "https://www.chess.com"]

[Event "Titled Tuesday Blitz March 28 Early 2023"]
[White "ArchibaldCerveza29"]
[Black "Qashashvili, Alexandre"]
[BlackFideId "13600842"]
[WhiteElo "2488"]
[BlackElo "2405"]
[Result "1-0"]
[Round "05"]
[TimeControl "180+2"]
[Date "2023.03.28"]
[WhiteClock "0:00:10"]
[BlackClock "0:00:02"]

1. d4 c6 2. e4 d5 3. exd5 cxd5 4. c4 Nf6 5. Nc3 Nc6 6. Nf3 e6 7. c5 Be7 8. Bb5 Bd7 9. O-O O-O 10. Bf4 Nb4 11. a3 Bxb5 12. Nxb5 Nc6 13. b4 Ne4 14. Rc1 a6 15. Nc3 Nxc3 16. Rxc3 Bf6 17. Re1 Qd7 18. Qd2 Rfe8 19. Rc2 Rad8 20. Rb2 Ra8 21. h3 Bd8 22. a4 Bc7 23. b5 axb5 24. axb5 Ne7 25. Bxc7 Qxc7 26. Ne5 Ng6 27. Nd3 Ra3 28. g3 Rea8 29. Kg2 h6 30. Rc1 R8a4 31. Ne1 e5 32. dxe5 Qxe5 33. Qe2 Re4 34. Qd2 Rd4 35. Qc2 Re4 36. Nf3 Qf5 37. Ng1 1-0


[Site "https://www.chess.com"]

[Event "Titled Tuesday Blitz March 28 Early 2023"]
[White "Abrosimov, Vladimir"]
[Black "Osinenko, Anton"]
[WhiteFideId "4166892"]
[BlackFideId "4158970"]
[WhiteElo "2336"]
[BlackElo "2294"]
[Result "0-1"]
[Round "05"]
[TimeControl "180+2"]
[Date "2023.03.28"]
[WhiteClock "0:00:25"]
[BlackClock "0:00:46"]

1. c4 c5 2. Nc3 Nf6 3. g3 e6 4. Bg2 d5 5. cxd5 Nxd5 6. e3 Nc6 7. Nge2 Be7 8. O-O O-O 9. d4 cxd4 10. Nxd4 Nxd4 11. Nxd5 exd5 12. Qxd4 Be6 13. Bd2 Bf6 14. Qb4 Qd7 15. Bc3 a5 16. Qa3 Be7 17. Qb3 d4 18. Qxb7 Qxb7 19. Bxb7 dxc3 20. Bxa8 cxb2 21. Rab1 Rxa8 22. Rxb2 Bf6 23. Rc2 g6 24. e4 a4 25. f4 Bd4+ 26. Kg2 a3 27. f5 gxf5 28. exf5 Bd5+ 29. Kh3 Bb2 30. g4 Bxa2 31. g5 h6 32. g6 fxg6 33. fxg6 Bb3 34. Rcf2 Bd4 35. Rf4 Be5 36. Re4 Bb2 37. Re3 Bc2 38. Re7 a2 39. Ree1 a1=Q 40. Rxa1 Bxa1 41. Kg4 Bxg6 42. h4 Ra4+ 43. Kh3 Kg7 44. Kg3 Bf6 45. h5 Bxh5 46. Rb1 Ra3+ 47. Kf4 Rf3+ 48. Ke4 Bg6+ 49. Kxf3 Bxb1 50. Kg3 Kg6 51. Kh3 h5 52. Kg3 h4+ 53. Kh3 Bf5+ 54. Kg2 Kg5 55. Kh2 Kg4 56. Kg2 h3+ 57. Kh2 Be5+ 58. Kg1 Kg3 59. Kh1 Bd3 60. Kg1 Bd4+ 61. Kh1 Be4# 0-1


[Site "https://www.chess.com"]

[Event "Titled Tuesday Blitz March 28 Early 2023"]
[White "Floresvillar Gonzalez, Luis Migu"]
[Black "Forgacs, Attila Jr."]
[WhiteFideId "5100542"]
[BlackFideId "773654"]
[WhiteElo "2040"]
[BlackElo "2168"]
[Result "0-1"]
[Round "05"]
[TimeControl "180+2"]
[Date "2023.03.28"]
[WhiteClock "0:00:21"]
[BlackClock "0:00:06"]

1. d4 a6 2. Nf3 b5 3. e4 Bb7 4. Bd3 Nf6 5. e5 Nd5 6. c3 e6 7. Bg5 Be7 8. h4 h6 9. Bxe7 Qxe7 10. Nbd2 Nf4 11. Bf1 c5 12. g3 Nd5 13. Bg2 cxd4 14. cxd4 Nc6 15. O-O O-O 16. Rc1 Rfc8 17. Qe2 Qb4 18. Ne4 Nxd4 19. Nxd4 Qxd4 20. Nd6 Rxc1 21. Rxc1 Bc6 22. Rd1 Qb4 23. a3 Qc5 24. Qf3 Nf6 25. Qf4 Qc2 26. Rd2 Qc1+ 27. Kh2 Ng4+ 28. Kh3 Bxg2+ 29. Kxg2 Nxe5 30. Ne4 Nc4 31. Rxd7 Qxf4 32. gxf4 Nxb2 33. Nd6 Nc4 34. Nxf7 Nxa3 35. Ne5 Nc4 36. Ng6 a5 37. h5 a4 38. Ne7+ Kf7 39. Nf5+ Kf6 40. Nxg7 a3 41. f5 Rg8 42. fxe6 Rxg7+ 43. Kf3 Rxd7 44. exd7 Ke7 45. Kf4 Kxd7 46. Kf5 a2 47. Kg6 a1=Q 48. Kxh6 Qf6+ 49. Kh7 Nd6 50. f4 Ne8 51. f5 Qg7# 0-1


[Site "https://www.chess.com"]

[Event "Titled Tuesday Blitz March 28 Early 2023"]
[White "Vivas Zamora, Fabian Ernesto"]
[Black "Clawitter, Craig"]
[WhiteFideId "3902480"]
[BlackFideId "2023105"]
[WhiteElo "2262"]
[BlackElo "2249"]
[Result "1/2-1/2"]
[Round "05"]
[TimeControl "180+2"]
[Date "2023.03.28"]
[WhiteClock "0:00:15"]
[BlackClock "0:00:04"]

1. e4 e6 2. d4 d5 3. Nd2 Be7 4. Ngf3 Nf6 5. e5 Nfd7 6. Bd3 c5 7. c3 Nc6 8. O-O a5 9. a3 cxd4 10. cxd4 g5 11. Nb1 g4 12. Ne1 h5 13. Be3 Qb6 14. Nc3 Nf8 15. f3 Nxe5 16. Na4 Qa7 17. Bb5+ Bd7 18. Qb3 Nc6 19. fxg4 hxg4 20. Bxc6 bxc6 21. Nd3 Qb8 22. Qc2 Qxh2+ 23. Kf2 Bh4+ 24. Ke2 Qxg2+ 25. Nf2 g3 26. Rg1 Qh2 27. Rh1 Qg2 28. Rag1 Qxg1 29. Rxg1 gxf2 30. Bxf2 Bxf2 31. Kxf2 Rh2+ 32. Rg2 Rxg2+ 33. Kxg2 Rb8 34. Qc5 Rb5 35. Qa7 Ng6 36. Qa8+ Ke7 37. Kg3 f6 38. Qg8 Nf8 39. Qg7+ Ke8 40. Qxf6 Rb3+ 41. Kf4 Bc8 42. Ke5 Nd7+ 43. Kxe6 Nxf6+ 44. Kxf6 Rd3 45. Ke5 Re3+ 46. Kd6 Re4 47. Kc5 Bd7 48. b4 axb4 49. axb4 Re2 50. Nb6 Rc2+ 51. Kd6 Rb2 52. Nxd7 Rxb4 53. Ne5 Rxd4 54. Nxc6 Rd1 55. Kc5 Kd7 56. Nd4 Ke7 57. Kxd5 Kf6 58. Ke4 Ke7 59. Nf5+ Kf6 60. Ne3 Ke6 61. Nxd1 1/2-1/2


[Site "https://www.chess.com"]

[Event "Titled Tuesday Blitz March 28 Early 2023"]
[White "Zavortink, Matt"]
[Black "Zacurdajev, Dmitry"]
[WhiteFideId "2034263"]
[BlackFideId "4196309"]
[WhiteElo "2244"]
[BlackElo "2179"]
[Result "1-0"]
[Round "05"]
[TimeControl "180+2"]
[Date "2023.03.28"]
[WhiteClock "0:00:43"]
[BlackClock "0:00:18"]

1. c4 Nf6 2. Nc3 e6 3. e4 d5 4. cxd5 exd5 5. e5 d4 6. exf6 dxc3 7. Bb5+ c6 8. Qe2+ Be6 9. Bc4 Qxf6 10. dxc3 Bc5 11. Nf3 O-O 12. Bg5 Bxc4 13. Qxc4 Re8+ 14. Kf1 Qf5 15. Rd1 Na6 16. Qd3 Qe6 17. b3 f6 18. Bc1 Rad8 19. Qc2 Nc7 20. h3 Nb5 21. Rxd8 Rxd8 22. Kg1 Nd6 23. Kh2 Ne4 24. Re1 Bd6+ 25. g3 Qf5 26. Qxe4 1-0


[Site "https://www.chess.com"]

[Event "Titled Tuesday Blitz March 28 Early 2023"]
[White "Gonzalez, Francisco Silva"]
[Black "Rodriguez Santiago, Jaime"]
[WhiteFideId "1512285"]
[BlackFideId "3100898"]
[WhiteElo "2074"]
[BlackElo "2025"]
[Result "0-1"]
[Round "05"]
[TimeControl "180+2"]
[Date "2023.03.28"]
[WhiteClock "0:00:40"]
[BlackClock "0:00:38"]

1. d4 Nf6 2. c4 e6 3. Nc3 d5 4. Bg5 c6 5. e3 Nbd7 6. Nf3 Qa5 7. Nd2 Bb4 8. Qc2 O-O 9. Be2 dxc4 10. Bxf6 Nxf6 11. Nxc4 Qc7 12. a3 Be7 13. Rc1 Rd8 14. O-O Nd7 15. g3 e5 16. dxe5 Nxe5 17. Nxe5 Qxe5 18. Bf3 Be6 19. Rfd1 Bf6 20. Rxd8+ Rxd8 21. Rd1 Rxd1+ 22. Qxd1 g6 23. h4 h5 24. a4 Qa5 25. Qd6 Kg7 26. b4 Qa6 27. Ne4 Qxa4 28. Nxf6 Qa1+ 29. Kg2 Qxf6 30. Qb8 Bh3+ 31. Kxh3 Qxf3 32. Qe5+ Kh7 33. Kh2 Qxf2+ 34. Kh3 Qf1+ 35. Kh2 Qe2+ 36. Kh3 Qg4+ 37. Kh2 Qe6 38. Qc5 b6 39. Qd4 Qd5 40. Qf6 c5 41. bxc5 bxc5 42. e4 Qe6 43. Qc3 c4 44. Qd4 a5 45. Qa7 a4 46. Kg1 c3 47. Qxa4 Qb6+ 48. Kg2 Qb2+ 49. Kf3 c2 50. Qd4 Qxd4 0-1


[Site "https://www.chess.com"]

[Event "Titled Tuesday Blitz March 28 Early 2023"]
[White "Mazurkiewicz, Michal"]
[Black "rionelG"]
[WhiteFideId "1124943"]
[WhiteElo "2054"]
[BlackElo "2238"]
[Result "1-0"]
[Round "05"]
[TimeControl "180+2"]
[Date "2023.03.28"]
[WhiteClock "0:00:58"]
[BlackClock "0:00:01"]

1. e4 c5 2. Nf3 d6 3. g3 a6 4. Bg2 g6 5. a4 Bg7 6. O-O Nf6 7. d3 Nc6 8. Re1 O-O 9. e5 Ne8 10. exd6 Nxd6 11. Nc3 Bg4 12. h3 Bxf3 13. Qxf3 Nf5 14. Ne4 Qc7 15. c3 Rad8 16. Qe2 b6 17. h4 Na5 18. Qc2 Rd7 19. h5 Rfd8 20. Bf4 Qc8 21. Rad1 Nd6 22. Nxd6 exd6 23. h6 Bh8 24. Re2 Re8 25. Rde1 Be5 26. d4 cxd4 27. cxd4 Rc7 28. Qd1 Nc4 29. dxe5 dxe5 30. Bxe5 Nxe5 31. Rxe5 Rxe5 32. Rxe5 Rc1 33. Re8+ Qxe8 34. Qxc1 Qf8 35. Bd5 a5 36. Qg5 Qd6 37. Qf4 Qxf4 38. gxf4 Kf8 39. Kg2 Ke7 40. Kf3 Kf6 41. Kg4 Ke7 42. Kg5 f6+ 43. Kg4 1-0


[Site "https://www.chess.com"]

[Event "Titled Tuesday Blitz March 28 Early 2023"]
[White "Fernandez Sanchez, Mario Andres"]
[Black "Hindermann, Felix"]
[WhiteFideId "6501621"]
[BlackFideId "1305212"]
[WhiteElo "2050"]
[BlackElo "2206"]
[Result "1-0"]
[Round "05"]
[TimeControl "180+2"]
[Date "2023.03.28"]
[WhiteClock "0:01:52"]
[BlackClock "0:00:29"]

1. d4 e6 2. Bf4 b6 3. e4 Bb7 4. Nc3 Bb4 5. f3 f5 6. exf5 exf5 7. Ne2 Nf6 8. Qd2 O-O 9. O-O-O Nd5 10. Bg5 Nxc3 11. Nxc3 Bxc3 12. bxc3 Qe8 13. Bc4+ Kh8 14. h4 Nc6 15. h5 Na5 16. Bd3 Qe6 17. Kb1 h6 18. Rde1 Qd6 19. Bf4 Qc6 20. Re7 Rae8 21. Rhe1 Rxe7 22. Rxe7 Nc4 23. Bxc4 Qxc4 24. Be5 Qf1+ 25. Qc1 Qxc1+ 26. Kxc1 Rg8 27. Rxd7 Bd5 28. Rxd5 1-0


[Site "https://www.chess.com"]

[Event "Titled Tuesday Blitz March 28 Early 2023"]
[White "Napoli, Nicolo"]
[Black "Fernandez Garcia, Gumersindo"]
[WhiteFideId "813702"]
[BlackFideId "24516740"]
[WhiteElo "2308"]
[BlackElo "2093"]
[Result "0-1"]
[Round "05"]
[TimeControl "180+2"]
[Date "2023.03.28"]
[WhiteClock "0:00:05"]
[BlackClock "0:01:49"]

1. e4 c5 2. Nf3 e6 3. c3 d5 4. exd5 exd5 5. d4 Nc6 6. Bb5 Nf6 7. O-O Be7 8. Ne5 Qc7 9. Bf4 Qb6 10. Qa4 Bd7 11. Bxc6 Bxc6 12. Qc2 O-O 13. Be3 c4 14. Nd2 Bd6 15. Ndf3 Rfe8 16. Rab1 Nd7 17. Qf5 Nxe5 18. dxe5 Bc5 19. Bd4 g6 20. Qf4 Re7 21. Rfe1 Rae8 22. Qf6 Ba4 23. Ng5 Qxf6 24. Bxc5 Rxe5 25. Rxe5 Qxe5 26. Bd4 Qe1+ 0-1


[Site "https://www.chess.com"]

[Event "Titled Tuesday Blitz March 28 Early 2023"]
[White "Ciuffoletti, Paolo"]
[Black "Kopczynski, Michal"]
[WhiteFideId "807630"]
[BlackFideId "1124200"]
[WhiteElo "2143"]
[BlackElo "2212"]
[Result "0-1"]
[Round "05"]
[TimeControl "180+2"]
[Date "2023.03.28"]
[WhiteClock "0:00:04"]
[BlackClock "0:00:31"]

1. e4 c5 2. d4 cxd4 3. c3 d5 4. exd5 Qxd5 5. cxd4 Nc6 6. Nf3 Bg4 7. Nc3 Bxf3 8. gxf3 Qxd4 9. Qxd4 Nxd4 10. Nb5 Rd8 11. Nxd4 Rxd4 12. Bb5+ Kd8 13. Be3 Rb4 14. O-O-O+ Kc8 15. Bd7+ Kc7 16. a3 Rh4 17. Bb5 Nf6 18. Kb1 e5 19. Bg5 Rh3 20. Bxf6 gxf6 21. Rd7+ Kb6 22. Bd3 Rxf3 23. Be4 Rxf2 24. Bxb7 Bc5 25. Rc1 Rb8 26. b4 Rxb7 27. bxc5+ Kc6+ 28. Rxb7 Kxb7 29. Rg1 e4 30. Rg7 e3 31. Rxf7+ Kc6 0-1


[Site "https://www.chess.com"]

[Event "Titled Tuesday Blitz March 28 Early 2023"]
[White "Rose, Felix"]
[Black "Toktomushev, Teimur"]
[WhiteFideId "5105722"]
[BlackFideId "14176726"]
[WhiteElo "2039"]
[BlackElo "2116"]
[Result "1/2-1/2"]
[Round "05"]
[TimeControl "180+2"]
[Date "2023.03.28"]
[WhiteClock "0:00:44"]
[BlackClock "0:00:03"]

1. e4 c5 2. Nf3 e6 3. d4 cxd4 4. Nxd4 a6 5. Nc3 b5 6. Bd3 Bb7 7. O-O Nc6 8. Nxc6 Bxc6 9. e5 Qc7 10. Re1 b4 11. Nb1 Bc5 12. Qg4 Kf8 13. Nd2 Ne7 14. Nb3 Bb7 15. Nxc5 Qxc5 16. Be3 Qc6 17. Bd2 a5 18. a3 h5 19. Qg5 b3 20. cxb3 Nd5 21. Rac1 Qb6 22. Bc4 f6 23. exf6 gxf6 24. Qg6 Rg8 25. Bh6+ Ke7 26. Qh7+ Kd6 27. Rcd1 Rg4 28. h3 Rd4 29. Be3 Nxe3 30. fxe3 Rxd1 31. Rxd1+ Bd5 32. Bxd5 exd5 33. Qd3 Qc5 34. Kh2 Re8 35. e4 d4 36. Qa6+ Qc6 37. Rxd4+ Ke5 38. Qd3 Qc7 39. g3 Ke6 40. Rd5 Ke7 41. Qd4 Rg8 42. e5 fxe5 43. Rxe5+ Kd8 44. Qh4+ Kc8 45. Qe4 Kb8 46. Re8+ Rxe8 47. Qxe8+ Ka7 48. Qe3+ Ka8 49. Qf3+ Ka7 50. h4 Qc2+ 51. Kh3 Qxb2 52. Qe3+ Kb7 53. Qe4+ Kc7 54. Qc4+ Kb6 55. b4 axb4 56. axb4 Qb1 57. Qc5+ Kb7 58. Qd5+ Kc7 59. Qe5+ d6 60. Qxh5 Qh1+ 61. Kg4 Qe4+ 62. Kg5 Qe5+ 63. Kh6 Qh8+ 64. Kg6 Qe8+ 65. Kg5 Qe5+ 66. Kh6 Qh8+ 67. Kg6 Qe8+ 68. Kg5 Qe5+ 1/2-1/2


[Site "https://www.chess.com"]

[Event "Titled Tuesday Blitz March 28 Early 2023"]
[White "ritanovikova"]
[Black "Melikhov, Evgeny V."]
[BlackFideId "4122046"]
[WhiteElo "2209"]
[BlackElo "2158"]
[Result "0-1"]
[Round "05"]
[TimeControl "180+2"]
[Date "2023.03.28"]
[WhiteClock "0:00:16"]
[BlackClock "0:00:19"]

1. e4 c5 2. Nc3 Nc6 3. d3 g6 4. Be3 d6 5. Qd2 Bg7 6. g3 e6 7. Bg2 h5 8. h4 Rb8 9. Nd1 b5 10. Ne2 b4 11. Nc1 Nd4 12. O-O Ne7 13. c3 bxc3 14. bxc3 Nb5 15. a4 Nc7 16. d4 cxd4 17. cxd4 O-O 18. Ne2 d5 19. f3 Ne8 20. Bh6 Nd6 21. Bxg7 Kxg7 22. e5 Nc4 23. Qd3 Nf5 24. Kh2 Ba6 25. Qc2 Qb6 26. Qc3 Qb3 27. Qxb3 Rxb3 28. Re1 Rfb8 29. Kg1 Nce3 30. Nxe3 Nxe3 31. Kf2 Nc2 32. Rec1 Nxa1 33. Rxa1 Rb2 34. Bf1 Rd2 35. Ke1 Rbb2 36. Nf4 Bxf1 37. Kxf1 Ra2 38. Rc1 Rdc2 39. Rb1 Rab2 40. Ra1 a5 41. Nd3 Ra2 42. Rb1 Rxa4 43. Nc5 Raa2 44. Nd3 Rh2 45. Kg1 Rag2+ 46. Kf1 Rh1+ 47. Kxg2 Rxb1 48. f4 a4 49. f5 gxf5 50. g4 hxg4 51. Nf4 a3 52. Nh5+ Kg6 0-1


[Site "https://www.chess.com"]

[Event "Titled Tuesday Blitz March 28 Early 2023"]
[White "salgadoLO"]
[Black "Pasti, Aron"]
[BlackFideId "785857"]
[WhiteElo "2209"]
[BlackElo "2173"]
[Result "0-1"]
[Round "05"]
[TimeControl "180+2"]
[Date "2023.03.28"]
[WhiteClock "0:00:01"]
[BlackClock "0:00:17"]

1. d4 d5 2. c4 e6 3. Nc3 Nf6 4. cxd5 exd5 5. Bg5 Be7 6. e3 c6 7. Bd3 h6 8. Bh4 O-O 9. Nge2 Nbd7 10. O-O c5 11. dxc5 Nxc5 12. Bc2 Be6 13. Rc1 Nce4 14. Nxe4 Nxe4 15. Bxe7 Qxe7 16. Nd4 Bd7 17. Bb3 Be6 18. Rc2 Rac8 19. Qe2 Rxc2 20. Bxc2 Rc8 21. Bb3 Nc5 22. Bc2 Ne4 23. Bb3 Rc5 24. h3 Bd7 25. Rd1 a6 26. Qf3 Ng5 27. Qf4 Ne6 28. Qb8+ Bc8 29. Qe5 f6 30. Qh5 Nxd4 31. exd4 Rb5 32. Rc1 Be6 33. Qe2 Qf7 34. Re1 Bd7 35. Qe7 Qxe7 36. Rxe7 Bc6 37. Rc7 Rb4 38. Rc8+ Kf7 39. Rc7+ Kg6 40. Bc2+ f5 41. g4 Rxb2 42. Bxf5+ Kf6 43. Rc8 Rxa2 44. f4 Ra1+ 45. Kf2 b5 46. Rxc6+ Ke7 47. Kg3 a5 48. Rc7+ Kf6 49. Rc6+ Kf7 50. Rb6 b4 51. Rb7+ Kf6 52. g5+ hxg5 53. Bd3 Ra3 54. fxg5+ Kxg5 55. Rxg7+ Kf6 56. Rg6+ Kf7 57. Rd6 Rxd3+ 58. Kg4 Rxd4+ 59. Kf5 b3 60. Rd7+ Ke8 61. Rb7 Rd3 62. h4 a4 63. h5 Rh3 64. Ke6 Kf8 65. Kxd5 Rxh5+ 66. Kc4 Rh4+ 67. Kc3 Ke8 68. Ra7 Kd8 69. Rf7 Kc8 70. Rg7 Kb8 71. Rf7 Rh3+ 72. Kb2 Rh2+ 73. Ka3 Ra2+ 0-1


[Site "https://www.chess.com"]

[Event "Titled Tuesday Blitz March 28 Early 2023"]
[White "Torres Dominguez, David"]
[Black "Shvedova, Alexandra"]
[WhiteFideId "2220857"]
[BlackFideId "54154782"]
[WhiteElo "1999"]
[BlackElo "2057"]
[Result "0-1"]
[Round "05"]
[TimeControl "180+2"]
[Date "2023.03.28"]
[WhiteClock "0:00:01"]
[BlackClock "0:00:03"]

1. e4 c5 2. Nc3 Nc6 3. Bb5 Nd4 4. Bc4 e6 5. Nge2 Nf6 6. O-O Nc6 7. d4 cxd4 8. Nxd4 a6 9. Nxc6 bxc6 10. e5 Nd5 11. Ne4 Qc7 12. f4 d6 13. Qf3 Nb6 14. exd6 Bxd6 15. Bb3 Be7 16. f5 exf5 17. Bf4 fxe4 18. Qxe4 Qa7 19. Bxf7+ Kd8 20. Rad1+ Bd7 21. Be3 Qc7 22. Kh1 Nd5 23. Bxd5 cxd5 24. Qxd5 Rb8 25. Rf7 Rf8 26. Rxe7 Kxe7 27. Bc5+ Ke8 28. Re1+ Kd8 29. Bxf8 Qf4 30. Be7+ Kc8 31. Qc5+ Qc7 32. Qd5 Rb5 33. Qg8+ Kb7 34. Qh8 Rxb2 35. Qxg7 Rxc2 36. Qd4 Rc1 37. Rxc1 Qxc1+ 38. Qg1 Qc6 39. Qb1+ Ka8 40. Bh4 Qc4 41. Bg3 Bb5 42. Qg1 Qc3 0-1


[Site "https://www.chess.com"]